 Dungeon Crawl Stone Soup version 0.26-a0-670-g578ab304f5 (webtiles) character file.

Game seed: 18201617399568366428

(classic levelgen) 56 EnegeticOcto the Digger (level 4, -2/27 HPs)
             Began as a Halfling Earth Elementalist on Oct 19, 2020.
             Killed from afar by Jessica (12 damage)
             ... with a puff of flame
             ... on level 3 of the Dungeon.
             The game lasted 00:04:25 (625 turns).

EnegeticOcto the Digger (HaEE)                       Turns: 625, Time: 00:04:25

Health: -2/27      AC:  3    Str:  9    XL:     4   Next: 17%
Magic:  2/6        EV: 14    Int: 14    God:
Gold:   99         SH:  5    Dex: 14    Spells: 5/6 levels left

rFire    . . .     SeeInvis +   d - +0 spear
rCold    + . .     Faith    .   g - +0 buckler
rNeg     . . .     Spirit   .   c - +0 robe
rPois    .         Reflect  .   (no helmet)
rElec    .         Harm     .   (no cloak)
rCorr    .         Rampage  .   o - +0 pair of gloves
MR       .....                  (no boots)
Stlth    ++........             (no amulet)
HPRegen  0.09/turn              t - ring of protection from cold
MPRegen  0.10/turn              a - ring of see invisible

@: stab, very slightly contaminated, invisible (expiring)
A: small, mutation resistance 1
a: no special abilities


You were on level 3 of the Dungeon.
You visited 1 branch of the dungeon, and saw 3 of its levels.

You collected 99 gold pieces.

Inventory:

Hand Weapons
 d - a +0 spear (weapon)
Missiles
 b - 19 stones (quivered)
 j - 34 poisoned darts
Armour
 c - a +0 robe (worn)
 g - a +0 buckler (worn)
 o - a +0 pair of gloves (worn)
Jewellery
 a - a ring of see invisible (right hand)
 t - a ring of protection from cold (left hand)
Scrolls
 e - 2 scrolls of enchant weapon {unknown}
 f - 2 scrolls of teleportation {unknown}
 i - a scroll of fear {unknown}
 k - 4 scrolls of amnesia {unknown}
 l - 2 scrolls of identify {unknown}
 q - a scroll of remove curse {unknown}
 r - 3 scrolls of blinking {unknown}
 s - a scroll of noise {unknown}
Potions
 h - a potion of invisibility
 p - 2 potions of degeneration {unknown}


   Skills:
 - Level 2.1 Dodging
 - Level 2.1 Stealth
 + Level 2.0 Shields
 - Level 1.5 Spellcasting
   Level 0.5 Transmutations
 + Level 4.2 Earth Magic


You had 5 spell levels left.
You knew the following spells:

 Your Spells              Type           Power        Failure   Level
a - Sandblast             Erth           ##....       6%          1

Your spell library contained the following spells:

 Spells                   Type           Power        Failure   Level
 Passwall                 Tmut/Erth      #.......     19%         2
 Stone Arrow              Conj/Erth      #.....       38%         3
 Petrify                  Tmut/Erth      #.......     77%         4
 Lee's Rapid Deconstruct  Erth           ##........   86%         5


Dungeon Overview and Level Annotations

Branches:
Dungeon (3/15)

Altars:
Hepliaklqana

Annotations:
D:3 Jessica


Innate Abilities, Weirdness & Mutations

You are small and have problems with some larger weapons.
You are somewhat resistant to further mutation.


Message History

b - 25 stones The adder bites you.
You are poisoned.
The adder poisons you! The adder bites you.
* * * LOW HITPOINT WARNING * * *
You are more poisoned.
The adder poisons you!
Casting: Sandblast (safe; 6% risk of failure)
Confirm with . or Enter, or press ? or * to list all spells.
Aiming: Sandblast (safe; 6% risk of failure)
Press: ? - help, Shift-Dir - straight line, f/p - adder
Aim: an adder (lightly wounded)
The blast of sand hits the adder!
You kill the adder!
Your Shields skill increases to level 2!
You have reached level 4!
b - 24 stones
* * * LOW HITPOINT WARNING * * *
You feel sick.
Okay, then.
It was a potion of invisibility.
You fade into invisibility!
* * * LOW HITPOINT WARNING * * *
You feel sick.
You are very lightly contaminated with residual magic.
It was a potion of stabbing.
You feel ready to backstab.
It was a potion of magic.
Magic courses through your body.
* * * LOW HITPOINT WARNING * * *
You feel sick.
It was a potion of heal wounds.
You feel much better.
You feel sick.
You feel sick.
You now have 99 gold pieces (gained 12).
You feel sick.
A leopard gecko comes into view.
You feel sick.
You feel sick.
You see here a scroll labeled DIURIL BAUDIT.
k - 4 scrolls labeled DIURIL BAUDIT (gained 1)
You feel sick.
You see here a blue potion.
p - 2 blue potions (gained 1)
You feel sick.
Casting: Sandblast (safe; 6% risk of failure)
Confirm with . or Enter, or press ? or * to list all spells.
Aiming: Sandblast (safe; 6% risk of failure)
Press: ? - help, Shift-Dir - straight line, f - leopard gecko
Aim: a leopard gecko (asleep)
The blast of sand hits the leopard gecko!
You kill the leopard gecko!
b - 23 stones You feel sick.
A bat comes into view.
You feel sick.
Found a scroll labeled MUNAYG KAMAL.
You open the door.
You feel sick.
You feel sick.
f - 2 scrolls labeled MUNAYG KAMAL (gained 1)
Found a granite ring.
You feel sick.
You are no longer poisoned.
a - a granite ring
a - a ring of see invisible (right hand) Jessica the Apprentice Sorceress comes into view.
She is wielding a +0 club and carrying a wand of flame (22).
Casting: Sandblast (safe; 6% risk of failure)
Confirm with . or Enter, or press ? or * to list all spells.
Aiming: Sandblast (safe; 6% risk of failure)
Press: ? - help, Shift-Dir - straight line, f - Jessica
Aim: Jessica, wielding a +0 club, wearing a +0 robe and carrying a wand of flame (22) (wandering, hasn't noticed you)
The blast of sand misses Jessica.
b - 22 stones
Casting: Sandblast (safe; 6% risk of failure)
Confirm with . or Enter, or press ? or * to list all spells.
Aiming: Sandblast (safe; 6% risk of failure)
Press: ? - help, Shift-Dir - straight line, f/p - Jessica
Aim: Jessica, wielding a +0 club, wearing a +0 robe and carrying a wand of flame (22)
The blast of sand hits Jessica.
Jessica is moderately wounded.
b - 21 stones Jessica gestures at you while chanting.
Pain shoots through your body!
Casting: Sandblast (safe; 6% risk of failure)
Confirm with . or Enter, or press ? or * to list all spells.
Aiming: Sandblast (safe; 6% risk of failure)
Press: ? - help, Shift-Dir - straight line, f/p - Jessica
Aim: Jessica, wielding a +0 club, wearing a +0 robe and carrying a wand of flame (22) (moderately wounded)
The blast of sand hits Jessica.
Jessica is severely wounded.
b - 20 stones You flicker for a moment.
Casting: Sandblast (safe; 6% risk of failure)
Confirm with . or Enter, or press ? or * to list all spells.
Aiming: Sandblast (safe; 6% risk of failure)
Press: ? - help, Shift-Dir - straight line, f/p - Jessica
Aim: Jessica, wielding a +0 club, wearing a +0 robe and carrying a wand of flame (22) (severely wounded)
The blast of sand misses Jessica.
b - 19 stones Jessica zaps a wand.
The puff of flame hits you!
You die...

... ....
...######....
...........
.........#
##+#........#
#.....#...#.#
#.....#...#.#
#....@#...#.# ###
#....@#...#.#...#
#...............#
#.....#....##...#
#.....#.........# .
#.....#.##.###..#
..########.#.......#
.........#.#....#...#
...........#....###.#
#........###........#


You could see Jessica.

Vanquished Creatures
  An adder (D:3)
  A dart slug (D:2)
  2 leopard geckos
  A ball python (D:1)
  6 giant cockroaches
  5 goblins
  6 hobgoblins
  6 bats
  2 frilled lizards
  5 kobolds
  5 rats
40 creatures vanquished.

Notes
Turn   | Place    | Note
-------+----------+-------------------------------------------
     0 | D:1      | EnegeticOcto the Halfling Earth Elementalist began the
                  | quest for the Orb.
     0 | D:1      | Reached XP level 1. HP: 11/11 MP: 3/3
     1 | D:1      | Noticed a merfolk zombie
    10 | D:1      | Noticed a merfolk zombie
    16 | D:1      | Noticed a minotaur zombie
    18 | D:1      | Noticed a merfolk zombie
    80 | D:1      | Reached XP level 2. HP: 13/17 MP: 4/4
   222 | D:1      | Reached skill level 1 in Shields
   222 | D:1      | Reached XP level 3. HP: 6/21 MP: 2/5
   413 | D:2      | Found a hazy altar of Hepliaklqana.
   459 | D:2      | Reached skill level 4 in Earth Magic
   578 | D:3      | Reached skill level 2 in Shields
   578 | D:3      | Reached XP level 4. HP: 8/27 MP: 2/6
   620 | D:3      | Noticed Jessica
   625 | D:3      | Killed from afar by Jessica

Illustrated notes

Levels and vault maps discovered:
D:1:      shiori_arrival_whats_in_store_for_you, layout_rooms,
          minmay_misc_feat_hallway, minmay_three_crescents
D:2:      layout_rooms, lemuel_coloured_pillars_altar, minmay_heptomino_w4
D:3:      layout_basic, uniq_robin, uniq_ijyb, uniq_jessica

Skill      XL: |  1  2  3 |
---------------+----------+-----
Shields        | 1 2 |  2.0
Earth Magic    | 4 |  4.2
Dodging        | |  2.1
Stealth        | |  2.1
Spellcasting   | |  1.5
Transmutations | |  0.5

Action                   |  1- 3 |  4- 6 || total
-------------------------+-------+-------++-------
Melee: Spear             |   122 |       ||   122
       Unarmed           |     1 |       ||     1
 Cast: Sandblast         |    24 |     6 ||    30
  Use: Potion            |       |     4 ||     4
 Stab: Sleeping          |     1 |       ||     1
Armor: Robe              |    27 |       ||    27
Dodge: Dodged            |   116 |       ||   116
Block: Buckler           |    18 |       ||    18

Table legend: (Time is in decaauts)
 A = Elapsed time spent in this place.
 B = Non-inter-level travel time spent in this place.
 C = Inter-level travel time spent in this place.
 D = Time resting spent in this place.
 E = Time spent auto-exploring this place.
 F = Levels seen in this place.
 G = Mean time per level.
                   A        B        C        D        E       F      G
               +--------+--------+--------+--------+--------+-----+--------+
         Total |    638 |    623 |     15 |      0 |      0 |   3 |  212.7 |
       Dungeon |    638 |    623 |     15 |      0 |      0 |   3 |  212.7 |
               +--------+--------+--------+--------+--------+-----+--------+

Top non-repeatable levels by time:
     D:1: 314 daAuts
     D:2: 273 daAuts
     D:3: 50 daAuts
